 Dungeon Crawl Stone Soup version 0.22.1-1-ga44c0e56f4 (webtiles) character file.

228 raggarok the Cudgeler (level 5, -2/45 HPs)
             Began as a Minotaur Gladiator on Oct 29, 2018.
             Slain by an adder (4 damage)
             ... on level 4 of the Dungeon.
             The game lasted 00:08:37 (791 turns).

raggarok the Cudgeler (Minotaur Gladiator)           Turns: 791, Time: 00:08:38

Health: -2/45      AC:  3    Str: 20    XL:     5   Next: 70%
Magic:  4/4        EV: 13    Int:  5    God:
Gold:   84         SH:  0    Dex: 11    Spells: 4/4 levels left

rFire    . . .     SeeInvis .   n - +5 quarterstaff (chaos)
rCold    . . .     Gourm    .   (shield currently unavailable)
rNeg     . . .     Faith    .   b - +0 leather armour
rPois    .         Spirit   .   c - +0 hat
rElec    .         Reflect  .   (no cloak)
rCorr    .         Harm     .   (no gloves)
MR       .....                  (no boots)
Stlth    +.........             (no amulet)
HPRegen  0.15/turn              (no ring)
MPRegen  0.09/turn              (no ring)

@: lethally poisoned (-2 -> -5)
A: retaliatory headbutt, horns 2
a: no special abilities


You were on level 4 of the Dungeon.
You were not hungry.

You visited 1 branch of the dungeon, and saw 4 of its levels.

You collected 84 gold pieces.

Inventory:

Hand Weapons
 a - a +0 flail
 n - a +5 quarterstaff of chaos (weapon)
 p - a +0 mace
Missiles
 d - 3 throwing nets (quivered)
Armour
 b - a +0 leather armour (worn)
 c - a +0 hat (worn)
 l - a +0 ring mail
 o - a +0 cloak
Scrolls
 j - a scroll of enchant weapon
 k - 4 scrolls of identify
 m - a scroll of fear
Potions
 i - a potion of degeneration {unknown}
Comestibles
 f - 2 rations


   Skills:
 + Level 3.6 Fighting
 + Level 5.5(5.7) Maces & Flails
 + Level 1.8(3.9) Staves
 + Level 2.7 Throwing
 + Level 1.8 Armour
 + Level 4.1 Dodging


You had 4 spell levels left.
You didn't know any spells.
Your spell library was empty.

Dungeon Overview and Level Annotations

Branches:
Dungeon (4/15)
 Temple: D:4-7

Altars:


Innate Abilities, Weirdness & Mutations

You reflexively headbutt those who attack you in melee.
You have a pair of horns on your head.


Message History

The orc hits you but does no damage. The scorpion stings you!
* * * LOW HITPOINT WARNING * * *
The adder bites you but does no damage.
You hit the scorpion.
You kill the scorpion!
You feel sick. The adder bites you.
* * * LOW HITPOINT WARNING * * *
You bludgeon the orc!! Lightning courses through the orc!
You kill the orc!
The adder barely misses you. You furiously retaliate!
You headbutt the adder, but do no damage.
The orc hits you with a flail.
* * * LOW HITPOINT WARNING * * *
The adder misses you. You furiously retaliate!
You headbutt the adder.
As you read the scroll labeled YGEUCI DIAKOVA, it crumbles to dust.
It is a scroll of identify.
m - a scroll of fear
* * * LOW HITPOINT WARNING * * *
You feel sick. The adder bites you.
You die...

..... #.#.# .....
#.#.####.....
#####.#.#........
...........o.....
...=....#....#
........#....#
.......)#o...##
......S@oo....#
......S######.#
....(.S # ..##...
. #... #... #...
#...


You could see 3 adders and 3 orcs.

Vanquished Creatures
  An ogre (D:4)
  A scorpion (D:4)
  Crazy Yiuf (D:2)
  An adder (D:2)
  2 adder zombies (D:1)
  2 oozes (D:2)
  2 worms (D:2)
  2 leopard geckos (D:1)
  5 orcs
  5 giant cockroaches
  5 goblins
  5 hobgoblins
  3 jackals (D:2)
  5 kobolds
  A ball python (D:2)
  5 bats
  A frilled lizard (D:3)
  A leopard gecko zombie (D:3)
  2 rats
50 creatures vanquished.

Notes
Turn   | Place    | Note
-------+----------+-------------------------------------------
     0 | D:1      | raggarok the Minotaur Gladiator began the quest for the
                  | Orb.
     0 | D:1      | Reached XP level 1. HP: 18/18 MP: 0/0
    66 | D:1      | Reached XP level 2. HP: 18/25 MP: 1/1
   253 | D:1      | Reached skill level 4 in Maces & Flails
   351 | D:1      | Reached XP level 3. HP: 30/30 MP: 2/2
   583 | D:2      | Reached XP level 4. HP: 31/37 MP: 3/3
   612 | D:2      | Found a runed door.
   616 | D:2      | Noticed Crazy Yiuf
   630 | D:2      | Killed Crazy Yiuf
   630 | D:2      | Reached skill level 1 in Armour
   778 | D:4      | Noticed an ogre
   783 | D:4      | Reached skill level 5 in Maces & Flails
   785 | D:4      | Killed an ogre
   785 | D:4      | Reached skill level 1 in Staves
   785 | D:4      | Reached XP level 5. HP: 5/45 MP: 4/4
   785 | D:4      | HP: 2/45 [adder (3)]
   791 | D:4      | HP: 2/45 [poisoned by a scorpion]
   791 | D:4      | Slain by an adder

Skill      XL: |  1  2  3  4 |
---------------+-------------+-----
Maces & Flails | 4 5 |  5.5
Fighting       | 3 |  3.6
Armour         | 1 |  1.8
Staves         | 1 |  1.8
Dodging        | 4 |  4.1
Throwing       | |  2.7

Action                   |  1- 3 |  4- 6 || total
-------------------------+-------+-------++-------
Melee: Flail             |    70 |    12 ||    82
       Headbutt          |     4 |     2 ||     6
       Quarterstaff      |       |    17 ||    17
  Use: Scroll            |       |     3 ||     3
       Potion            |       |     3 ||     3
Armor: Leather armour    |    11 |     3 ||    14
Dodge: Dodged            |    46 |    22 ||    68
